 Dungeon Crawl Stone Soup version 0.27-a0-1565-gad902ab807 (webtiles) character file.

Game seed: 17909295731430266671

5 Leszczynek the Chopper (level 1, 16/16 HPs)
             Began as a Human Gladiator on July 16, 2021.
             Quit the game on level 2 of the Dungeon.
             The game lasted 00:02:29 (738 turns).

Leszczynek the Chopper (Human Gladiator)             Turns: 738, Time: 00:02:29

Health: 16/16      AC:  8    Str: 14    XL:     1   Next: 88%
Magic:  1/1        EV: 12    Int:  8    God:
Gold:   32         SH:  0    Dex: 14    Spells: 0/0 levels left

rFire    . . .     SeeInvis .   a - +0 war axe
rCold    . . .     Faith    .   (no shield)
rNeg     . . .     Spirit   .   b - +0 leather armour
rPois    .         Reflect  .   c - +0 helmet
rElec    .         Harm     .   (no cloak)
rCorr    .         Rampage  .   (no gloves)
Will     .....                  (no boots)
Stlth    +.........             (no amulet)
HPRegen  0.05/turn              k - +4 ring of protection
MPRegen  0.07/turn              (no ring)

@: no status effects
A: no striking features
a: no special abilities


You were on level 2 of the Dungeon.
You visited 1 branch of the dungeon, and saw 3 of its levels.

You collected 32 gold pieces.

Inventory:

Hand Weapons
 a - a +0 war axe (weapon)
 l - a +0 hunting sling
Missiles
 d - 3 throwing nets (quivered)
Armour
 b - a +0 leather armour (worn)
 c - a +0 helmet (worn)
Jewellery
 k - a +4 ring of protection (left hand)
Scrolls
 e - a scroll of identify {unknown}
 g - a scroll of noise {unknown}
 i - 2 scrolls of summoning {unknown}
 j - a scroll of amnesia {unknown}
Potions
 f - a potion of flight {unknown}
 h - a potion of attraction {unknown}


   Skills:
 - Level 2.0 Fighting
 + Level 3.4 Axes
 - Level 2.0 Throwing
 - Level 3.0 Dodging


You couldn't memorise any spells.
You didn't know any spells.
Your spell library was empty.

Dungeon Overview and Level Annotations

Branches:
Dungeon (3/15)

Altars:

Annotations:
D:3 Ijyb


Message History

Unknown command.
The endoplasm closely misses you.
You hit the endoplasm but do no damage. The endoplasm freezes you.
You are frozen.
You slash the endoplasm!
You kill the endoplasm!
No target in view!
Found a mace.
Found a hunting sling.
Found 29 stones.
Found 8 gold pieces.
You see here a +0 hunting sling.
l - a +0 hunting sling You now have 21 gold pieces (gained 8).
There is an escape hatch in the floor here.
You slide downwards.
The hatch slams shut behind you.
Found a stone staircase leading down.
There is a stone staircase leading down here.
There is a stone staircase leading down here.
You climb downwards.
Ijyb shouts!
Found 27 stones and an emerald potion.
Found two stone staircases leading up.
There is a stone staircase leading up here.
Unknown command.
You aren't carrying any items that you can evoke.
Ijyb zaps a wand.
The mass of ice explodes!
The iceblast engulfs you!
Ouch! That really hurt!
* * * LOW HITPOINT WARNING * * *
The ball python hisses angrily.
You hear a shout!
There is a stone staircase leading up here.
You climb upwards.
There is a stone staircase leading down here.
Enter note: uh huh You start resting.
HP restored.
Found 11 gold pieces.
You now have 32 gold pieces (gained 11).
Found 20 arrows.
Are you sure you want to abandon this character and quit the game? (Confirm with "yes".)

#.# #.# #.#
#.# #.# #.#
#.# #######.#
### .(.....@#
###.#
#########
....####.###
............
.##..###.##
.##...)..###
.............
.###.########
.# #.#


There were no monsters in sight!

Vanquished Creatures
  An endoplasm (D:1)
  A hobgoblin (D:2)
  2 bats (D:1)
  2 frilled lizards (D:1)
6 creatures vanquished.

Notes
Turn   | Place    | Note
-------+----------+-------------------------------------------
     0 | D:1      | Leszczynek the Human Gladiator began the quest for the Orb.
     0 | D:1      | Reached XP level 1. HP: 16/16 MP: 1/1
   389 | D:3      | Noticed Ijyb
   390 | D:3      | Ouch! That really hurt!
   390 | D:3      | HP: 2/16 [Ijyb/iceblast (13)]
   394 | D:2      | uh huh
   738 | D:2      | Quit the game

Illustrated notes

#.....# #.....# #.....#
#.....# #.....#
#######.####.# ##
.............##########.
#######.######..........
#@................
#.######.......##. #.#
#####.#.##. #..
........... ###
####.#.###
############.#.# #
#..............###
#....).........#..
#..............#.#


Turn 394 on D:2: uh huh

Levels and vault maps discovered:
D:1:      amcnicky_arrival_double_pillar, layout_rooms
D:2:      layout_basic, minmay_misc_feat_ornament, minmay_tall_x, uniq_sigmund
D:3:      layout_rooms, yredelemnul_altar_generic, nicolae_gozag_seed_capital,
          uniq_ijyb, uniq_grinder

Action                   || total
-------------------------++-------
Melee: War axe           ||    10
 Stab: Sleeping          ||     2
Armor: Leather armour    ||     1
Dodge: Dodged            ||     6

Table legend: (Time is in decaauts)
 A = Elapsed time spent in this place.
 B = Non-inter-level travel time spent in this place.
 C = Inter-level travel time spent in this place.
 D = Time resting spent in this place.
 E = Time spent auto-exploring this place.
 F = Levels seen in this place.
 G = Mean time per level.
                   A        B        C        D        E       F      G
               +--------+--------+--------+--------+--------+-----+--------+
         Total |    742 |    720 |     22 |    261 |      0 |   3 |  247.3 |
       Dungeon |    742 |    720 |     22 |    261 |      0 |   3 |  247.3 |
               +--------+--------+--------+--------+--------+-----+--------+

Top non-repeatable levels by time:
     D:2: 481 daAuts
     D:1: 258 daAuts
     D:3: 3 daAuts
